 Dungeon Crawl Stone Soup version 0.22.0-13-g43fe8f2 (webtiles) character file.

8885 dchitty the Carver (level 11, -17/95 HPs)
             Began as a Minotaur Berserker on Aug 14, 2018.
             Was a High Priest of Trog.
             Demolished by a death knight
             ... wielding a +3 great sword
              (24 damage)
             ... on level 11 of the Dungeon on Aug 16, 2018.
             The game lasted 00:24:17 (8529 turns).

dchitty the Carver (Minotaur Berserker)             Turns: 8529, Time: 00:24:18

Health: -17/95     AC: 19    Str: 24    XL:     11   Next: 15%
Magic:  10/10      EV:  8    Int:  3    God:    Trog [*****.]
Gold:   546        SH:  0    Dex: 10    Spells: 10/10 levels left

rFire    + . .     SeeInvis +   a - +7 great sword of Virtue {pain, rF+ Int-2 SInv}
rCold    . . .     Gourm    .   (shield currently unavailable)
rNeg     . . .     Faith    .   C - +0 plate armour
rPois    .         Spirit   .   (helmet restricted)
rElec    .         Reflect  .   n - +2 cloak
rCorr    .         Harm     .   y - +1 pair of gloves
MR       .....                  (no boots)
Stlth    ..........             (no amulet)
HPRegen  0.25/turn              (no ring)
MPRegen  0.12/turn              (no ring)

@: about to teleport, berserk cooldown, slowed, very slow
A: retaliatory headbutt, horns 2
a: Berserk, Trog's Hand, Brothers in Arms, Renounce Religion


You were on level 11 of the Dungeon.
You worshipped Trog.
Trog was extremely pleased with you.
You were hungry.

You visited 1 branch of the dungeon, and saw 11 of its levels.

You collected 756 gold pieces.
You spent 210 gold pieces at shops.

Inventory:

Hand Weapons
 a - the +7 great sword of Virtue (weapon) {pain, rF+ Int-2 SInv}
   (You found it on level 7 of the Dungeon)

   In the hands of one skilled in necromantic magic, it inflicts extra damage on
   living creatures.
   It affects your intelligence (-2).
   It protects you from fire.
   It lets you see invisible.
 b - a +1 antimagic demon whip
 A - a +0 morningstar
 B - a +2 whip of flaming
Missiles
 d - 406 stones (quivered)
Armour
 n - a +2 cloak (worn)
 y - a +1 pair of gloves (worn)
 C - a +0 plate armour (worn)
Jewellery
 j - an uncursed ring of ice
 p - an uncursed ring of ice
Wands
 w - a wand of polymorph (27)
Scrolls
 h - 3 scrolls of enchant armour
 k - a scroll of magic mapping
 l - 5 scrolls of remove curse
 m - a scroll of enchant weapon
 o - 2 scrolls of blinking
 s - 3 scrolls of fog
 v - 3 scrolls of teleportation
 D - a scroll of fear
Potions
 e - 4 potions of haste
 f - a potion of invisibility
 i - 2 potions of might
 q - 2 potions of agility
 r - 4 potions of curing
 t - a potion of heal wounds
 u - a potion of ambrosia
 x - 4 potions of brilliance
 z - 3 potions of berserk rage
Comestibles
 c - 25 rations
 g - a chunk of flesh


   Skills:
 - Level 8.5 Fighting
 + Level 13.0 Long Blades
 - Level 12.0 Maces & Flails
 - Level 8.1 Armour
 - Level 2.1 Dodging


You had 10 spell levels left.
You didn't know any spells.
Your spell library was empty.

Dungeon Overview and Level Annotations

Branches:
Dungeon (11/15)            Temple (0/1) D:4            Lair (0/6) D:11
    Orc: D:9-12

Altars:
Cheibriados
Fedhas
Hepliaklqana
Okawaru
Qazlal
Ru
Trog
Vehumet
Yredelemnul
Zin
The Shining One

Shops:
D:4 :   D:7 [

Annotations:
D:9 exclusion: ice statue
D:11 Josephine


Innate Abilities, Weirdness & Mutations

You reflexively headbutt those who attack you in melee.
You have a pair of horns on your head.


Message History

You feel yourself moving faster!
You feel mighty!
You are feeling hungry.
The death knight hits you with an enchanted great sword!
* * * LOW HITPOINT WARNING * * *
The phantasmal warrior blinks!
The death knight hits you with an enchanted great sword.
* * * LOW HITPOINT WARNING * * *
You are too injured to fight recklessly!
You are too injured to fight recklessly!
You feel a strong urge to attack something.
You feel your anger nearly subside.
You are no longer berserk.
You are exhausted.
You feel as though you will be slow longer.
The death knight invokes the aid of Yredelemnul against you.
You struggle to resist.
The death knight's dark mirror aura disappears.
As you read the scroll of teleportation, it crumbles to dust.
You feel strangely unstable.
The death knight hits you with an enchanted great sword!!
You die...

########
###.###
#......<....#
#.#
##..........#
#.#
#######+####
##.### #....#
#....#
#....########
#...........#
###...@######.#
#.....p#
....#..@.#
######.### #W#
#z### #...#
###.# #@#


You could see a death knight, Josephine, a skeletal warrior and a phantasmal
warrior.

Vanquished Creatures
  Fannar (D:11)
  A two-headed ogre (D:11)
  The ghost of Terandir the Chopper, a novice MiFi of Cheibriados (D:7)
  An ugly thing (D:11)
  Sigmund (D:2)
  A human (D:7)
  3 wraiths (D:11)
  2 yaks
  3 hogs (D:7)
  2 hungry ghosts
  A porcupine (D:11)
  2 sky beasts
  2 black bears (D:11)
  4 orc warriors
  2 ice beasts
  4 necrophages
  5 ogres
  A crocodile (D:11)
  2 centaurs
  A big kobold (D:9)
  8 bullfrogs
  2 scorpions
  5 killer bees (D:10)
  7 wights
  A howler monkey (D:4)
  2 crimson imps
  A centaur zombie (D:5)
  8 orc priests
  3 bullfrog zombies
  4 hounds
  Crazy Yiuf (D:2)
  2 jellies
  14 orc wizards
  A centaur skeleton (D:10)
  Jessica (D:2)
  2 bullfrog skeletons
  6 iguanas
  5 worker ants
  A killer bee zombie (D:7)
  A hound zombie (D:5)
  A mummy (D:8)
  A worker ant zombie (D:7)
  15 adders
  6 gnolls
  A shadow imp (D:10)
  3 oozes
  An adder zombie (D:5)
  2 adder skeletons
  2 dart slugs
  3 leopard geckos
  39 orcs
  3 bats
  5 giant cockroaches
  9 goblins
  7 hobgoblins
  17 jackals
  4 quokkas
  2 ball pythons
  A frilled lizard (D:3)
  A jackal zombie (D:8)
  15 kobolds
  A leopard gecko skeleton (D:4)
  2 leopard gecko zombies
  A quokka skeleton (D:5)
  2 quokka zombies
  8 rats
  A fungus (D:11)
268 creatures vanquished.

Vanquished Creatures (others)
  9 fungi (D:11)
  3 plants (D:11)
12 creatures vanquished.

Grand Total: 280 creatures vanquished

Notes
Turn   | Place    | Note
-------+----------+-------------------------------------------
     0 | D:1      | dchitty the Minotaur Berserker began the quest for the Orb.
     0 | D:1      | Reached XP level 1. HP: 19/19 MP: 0/0
   151 | D:1      | Reached XP level 2. HP: 27/27 MP: 1/1
   337 | D:1      | Reached ** piety under Trog
   390 | D:1      | Reached XP level 3. HP: 33/33 MP: 2/2
  1054 | D:2      | Noticed Sigmund
  1063 | D:2      | Killed Sigmund
  1063 | D:2      | Reached XP level 4. HP: 41/41 MP: 3/3
  1063 | D:2      | Reached XP level 5. HP: 47/47 MP: 4/4
  1155 | D:2      | Reached skill level 5 in Fighting
  1284 | D:2      | Reached XP level 6. HP: 56/56 MP: 5/5
  1343 | D:2      | Noticed Jessica
  1358 | D:2      | Killed Jessica
  1389 | D:2      | Found a snail-covered altar of Cheibriados.
  1524 | D:2      | Found a runed door.
  1528 | D:2      | Noticed Crazy Yiuf
  1532 | D:2      | Killed Crazy Yiuf
  1673 | D:3      | Found a hazy altar of Hepliaklqana.
  1690 | D:3      | Reached *** piety under Trog
  2253 | D:4      | Found an iron altar of Okawaru.
  2269 | D:4      | Reached skill level 5 in Armour
  2337 | D:4      | Reached XP level 7. HP: 61/62 MP: 6/6
  2490 | D:4      | Found a staircase to the Ecumenical Temple.
  2677 | D:4      | Found Kisiar's Book Emporium.
  2862 | D:5      | Entered Level 5 of the Dungeon
  3193 | D:5      | Reached XP level 8. HP: 71/71 MP: 7/7
  3253 | D:5      | Found a glowing silver altar of Zin.
  3522 | D:5      | Reached **** piety under Trog
  3825 | D:6      | Found a bloodstained altar of Trog.
  3826 | D:6      | Found a basalt altar of Yredelemnul.
  3826 | D:6      | Found a glowing golden altar of the Shining One.
  3826 | D:6      | Found a radiant altar of Vehumet.
  3829 | D:6      | Found a blossoming altar of Fedhas.
  3833 | D:6      | Found a sacrificial altar of Ru.
  4713 | D:7      | Reached skill level 10 in Maces & Flails
  4801 | D:7      | Got an ivory great sword
  4831 | D:7      | Identified the +7 great sword of Virtue {pain, rF+ Int-2 SInv} (You found it on level 7 of the Dungeon)
  4987 | D:7      | Reached XP level 9. HP: 81/81 MP: 8/8
  5174 | D:7      | Found Houremm's Antique Armour Shoppe.
  5182 | D:7      | Bought a pair of runed gloves for 210 gold pieces
  5187 | D:7      | Found a runed door.
  5193 | D:7      | Noticed Terandir's ghost (novice MiFi)
  5201 | D:7      | Killed Terandir's ghost
  5201 | D:7      | Reached skill level 4 in Long Blades
  5288 | D:7      | Reached skill level 5 in Long Blades
  5594 | D:8      | Reached skill level 6 in Long Blades
  5737 | D:8      | Found a bloodstained altar of Trog.
  5783 | D:8      | Reached ***** piety under Trog
  5814 | D:8      | Reached XP level 10. HP: 67/90 MP: 3/9
  6023 | D:8      | Found a glowing golden altar of the Shining One.
  6178 | D:8      | Reached skill level 7 in Long Blades
  6711 | D:9      | Reached skill level 8 in Long Blades
  6890 | D:9      | Reached skill level 9 in Long Blades
  7004 | D:9      | Noticed an ice statue
  7308 | D:10     | Entered Level 10 of the Dungeon
  7384 | D:10     | Found a stormy altar of Qazlal.
  7768 | D:10     | Reached skill level 10 in Long Blades
  8068 | D:11     | Upgraded the game from 0.22.0-6-g71bd7aa to 0.22.0-13-g43fe8f2
  8102 | D:11     | Found a staircase to the Lair.
  8104 | D:11     | Noticed a two-headed ogre
  8105 | D:11     | Noticed a brown ugly thing
  8111 | D:11     | Reached skill level 11 in Long Blades
  8116 | D:11     | Killed a two-headed ogre
  8122 | D:11     | Reached skill level 12 in Long Blades
  8127 | D:11     | Killed a brown ugly thing
  8127 | D:11     | Reached XP level 11. HP: 92/95 MP: 10/10
  8313 | D:11     | Noticed Fannar
  8320 | D:11     | Killed Fannar
  8514 | D:11     | Reached skill level 13 in Long Blades
  8514 | D:11     | Noticed a phantasmal warrior
  8515 | D:11     | Noticed Josephine
  8515 | D:11     | Noticed a death knight
  8515 | D:11     | Noticed a skeletal warrior
  8521 | D:11     | HP: 6/142 [death knight/enchanted great sword (5)]
  8529 | D:11     | Demolished by a death knight

Skill      XL: |  1  2  3  4  5  6  7  8  9 10 11 |
---------------+----------------------------------+-----
Maces & Flails | 4 6 7 8 10 11 12 | 12.0
Fighting       | 4 5 6 8 |  8.5
Armour         | 4 5 6 7 8 |  8.1
Long Blades    | 6 12 13 | 13.0
Dodging        | |  2.1

Action                   |  1- 3 |  4- 6 |  7- 9 | 10-12 || total
-------------------------+-------+-------+-------+-------++-------
Melee: Whip              |    69 |    94 |   151 |       ||   314
       Mace              |     6 |       |       |       ||     6
       Headbutt          |     9 |    11 |    45 |    31 ||    96
       Great sword       |       |       |    53 |   157 ||   210
       Demon whip        |       |       |    46 |    45 ||    91
Invok: Berserk           |     1 |     1 |     8 |     5 ||    15
       Trog's Hand       |       |       |     3 |     2 ||     5
  Use: Scroll            |       |       |    18 |     6 ||    24
  Eat: Chunk             |       |     6 |    20 |    16 ||    42
Armor: Leather armour    |    10 |       |       |       ||    10
       Animal skin       |     1 |       |       |       ||     1
       Chain mail        |     7 |    45 |   126 |    75 ||   253
       Plate armour      |       |       |       |    28 ||    28
Dodge: Dodged            |    47 |    33 |    74 |    92 ||   246
       Rpst.: Great sword |       |       |     9 |    19 ||    28
